 Dungeon Crawl Stone Soup version 0.21.1-1-g345015f (webtiles) character file.

3414 lysyklops the Slicer (level 9, 0/83 HPs)
             Began as a Yellow Draconian Berserker on July 4, 2018.
             Was an Elder of Trog.
             Slain by a yak (8 damage)
             ... on level 1 of the Lair of Beasts.
             The game lasted 00:44:25 (7597 turns).

lysyklops the Slicer (Yellow Draconian Berserker)   Turns: 7597, Time: 00:44:26

Health: 0/83       AC:  9    Str: 23    XL:     9   Next: 76%
Magic:  9/9        EV: 13    Int:  7    God:    Trog [****..]
Gold:   278        SH:  0    Dex: 11    Spells: 8/8 levels left

rFire    . . .     SeeInvis .   w - +0 rapier
rCold    . . .     Gourm    .   (no shield)
rNeg     . . .     Faith    .   (armour unavailable)
rPois    +         Spirit   .   (helmet restricted)
rElec    .         Reflect  .   (no cloak)
rCorr    +         Harm     +   x - +0 pair of gloves
MR       .....                  k - +0 pair of boots
Stlth    +.........             s - amulet of harm
HPRegen  0.23/turn              o - ring of resist corrosion
MPRegen  0.11/turn              q - ring of poison resistance

@: no status effects
A: spit acid, acid resistance, unfitting armour, cold-blooded, AC +7
a: Breathe Acid, Berserk, Trog's Hand, Brothers in Arms, Burn Spellbooks,
Renounce Religion


You were on level 1 of the Lair of Beasts.
You worshipped Trog.
Trog was greatly pleased with you.
You were not hungry.

You visited 3 branches of the dungeon, and saw 10 of its levels.
You also visited: Sewer.

You collected 278 gold pieces.

Inventory:

Hand Weapons
 l - a +0 hunting sling
 w - a +0 rapier (weapon)
 B - a +0 blowgun
 D - a +0 long sword
Missiles
 m - 131 stones (quivered)
 t - 2 needles of confusion
 C - 28 poisoned needles
Armour
 k - a +0 pair of boots (worn)
 x - a +0 pair of gloves (worn)
Jewellery
 o - a ring of resist corrosion (left hand)
 q - a ring of poison resistance (right hand)
 s - an amulet of harm (around neck)
 u - an uncursed ring of stealth
Wands
 E - a wand of flame (35)
Scrolls
 a - 3 scrolls of identify
 e - 4 scrolls of teleportation
 f - a scroll of remove curse
 g - 2 scrolls of magic mapping {unknown}
 h - 2 scrolls of fog {unknown}
 n - a scroll of random uselessness {unknown}
 v - a scroll of blinking {unknown}
 z - 3 scrolls of enchant weapon {unknown}
Potions
 c - a potion of berserk rage {unknown}
 d - 5 potions of curing
 i - 3 potions of mutation
 j - 4 potions of lignification
 p - a potion of flight
 r - a potion of agility
 F - a potion of haste
Comestibles
 b - 14 rations


   Skills:
 + Level 9.1 Fighting
 + Level 11.7 Short Blades
 - Level 2.9 Dodging


You had 8 spell levels left.
You didn't know any spells.

Dungeon Overview and Level Annotations

Branches:
Dungeon (8/15)             Temple (1/1) D:7            Lair (1/6) D:8

Altars:
Ashenzari
Cheibriados
Dithmenos
Elyvilon
Fedhas
Gozag
Hepliaklqana
Kikubaaqudgha
Nemelex Xobeh
Ru
Sif Muna
Trog
Uskayaw
Vehumet
Wu Jian
Xom
Yredelemnul
Zin
The Shining One

Shops:
D:6 }   D:7 :

Annotations:
Lair:1 exclusion: oklob plant


Innate Abilities, Weirdness & Mutations

You can spit globs of acid.
You are resistant to acid.
Your golden yellow scales are hard. (AC +7)
You cannot fit into any form of body armour.
You are cold-blooded and may be slowed by cold attacks.


Message History

There is an entrance to a volcano on this level.
Hurry and find it before the entrance collapses!
Level annotation: exclusion: oklob plant
There is a staircase back to the Dungeon here.
You feel much better. The komodo dragon bites you.
The yak gores you but does no damage.
You hit the komodo dragon.
The komodo dragon is moderately wounded.
The komodo dragon bites you! The yak gores you.
* * * LOW HITPOINT WARNING * * *
You hit the komodo dragon.
The komodo dragon is moderately wounded.
You puncture the komodo dragon! You tail-slap the komodo dragon.
The komodo dragon is severely wounded.
The komodo dragon misses you. The yak gores you!
* * * LOW HITPOINT WARNING * * *
You puncture the komodo dragon!
You kill the komodo dragon!
Trog accepts your kill. The yak gores you!
You die...

#..## ####.##
###..P.#######......
#####P..................
#.......................
........................
......................?.
..................>....?
......Y.................
.......@................
##.....†................
#..###.#...............
#P. #####.##.###...... .
###### .###### #


You could see a yak.

Vanquished Creatures
  2 komodo dragons (Lair:1)
  A hippogriff (D:7)
  Sigmund (D:6)
  The ghost of shugdite the Slasher, an amateur MiFi (D:4)
  2 porcupines (D:8)
  2 orc warriors
  A sky beast (D:6)
  A black bear (D:2)
  3 phantoms
  A centaur (D:7)
  A big kobold (D:7)
  2 bullfrogs
  A scorpion (D:8)
  2 howler monkeys
  2 bullfrog zombies
  3 crimson imps
  4 jellies
  A bullfrog skeleton (D:7)
  3 hounds
  A centaur skeleton (D:4)
  2 orc priests
  4 orc wizards
  Natasha (twice) (D:3)
  10 worker ants
  3 hound skeletons
  A worker ant zombie (D:7)
  8 adders
  A river rat (D:5)
  A shadow imp (D:5)
  2 adder skeletons (D:4)
  2 worms
  2 dart slugs (D:2)
  5 leopard geckos
  25 orcs
  8 ball pythons
  4 bats
  3 giant cockroaches
  4 goblins
  7 hobgoblins
  2 iguanas
  5 jackals
  14 kobolds
  A quokka (D:2)
  5 frilled lizards
  A jackal skeleton (D:6)
  7 rats
  A plant (Sewer)
165 creatures vanquished.

Vanquished Creatures (others)
  A centaur zombie (D:8)
  A plant (Lair:1)
2 creatures vanquished.

Grand Total: 167 creatures vanquished

Notes
Turn   | Place    | Note
-------+----------+-------------------------------------------
     0 | D:1      | lysyklops the Draconian Berserker began the quest for the Orb.
     0 | D:1      | Reached XP level 1. HP: 19/19 MP: 1/1
   359 | D:1      | Reached XP level 2. HP: 22/26 MP: 2/2
   908 | D:2      | Found a faded altar of an unknown god.
  1018 | D:2      | Noticed a black bear
  1028 | D:2      | Killed a black bear
  1028 | D:2      | Reached skill level 4 in Short Blades
  1028 | D:2      | Reached XP level 3. HP: 24/34 MP: 3/3
  1028 | D:2      | Reached XP level 4. HP: 29/41 MP: 4/4
  1406 | D:2      | Reached ** piety under Trog
  1406 | D:2      | Reached XP level 5. HP: 47/47 MP: 5/5
  1607 | D:2      | Found a white marble altar of Elyvilon.
  1735 | D:3      | Found a glowing silver altar of Zin.
  1835 | D:3      | Reached skill level 5 in Fighting
  2072 | D:3      | Reached skill level 5 in Short Blades
  2199 | D:3      | Noticed Natasha
  2216 | D:3      | Killed Natasha
  2236 | D:3      | Noticed Natasha
  2255 | D:3      | Killed Natasha
  2704 | D:4      | Reached XP level 6. HP: 51/56 MP: 6/6
  2744 | D:4      | Found a deep blue altar of Sif Muna.
  2914 | D:4      | Found a basalt altar of Yredelemnul.
  2943 | D:4      | Noticed shugdite's ghost (amateur MiFi)
  2962 | D:4      | Killed shugdite's ghost
  2962 | D:4      | Reached skill level 6 in Short Blades
  2974 | D:4      | Found a shimmering altar of Xom.
  3258 | D:4      | Your scales start taking on a golden yellow colour.
  3258 | D:4      | Reached XP level 7. HP: 50/62 MP: 7/7
  3334 | D:4      | Reached skill level 7 in Short Blades
  3516 | D:5      | Entered Level 5 of the Dungeon
  3670 | D:5      | Found a glowing drain.
  3690 | D:5      | Reached *** piety under Trog
  3716 | Sewer    | Entered a sewer
  4496 | D:5      | Reached skill level 8 in Short Blades
  4548 | D:5      | Found a bloodstained altar of Trog.
  4571 | D:5      | Reached **** piety under Trog
  4584 | D:5      | Reached XP level 8. HP: 35/71 MP: 8/8
  5359 | D:6      | Found a shimmering altar of Xom.
  5517 | D:6      | Reached skill level 9 in Short Blades
  5586 | D:6      | Found a blossoming altar of Fedhas.
  5736 | D:6      | Noticed Sigmund
  5748 | D:6      | Killed Sigmund
  5770 | D:6      | Found a glowing golden altar of the Shining One.
  5857 | D:6      | Found Peghaylo's Gadget Boutique.
  5971 | D:6      | Reached skill level 10 in Short Blades
  6121 | D:7      | Found a snail-covered altar of Cheibriados.
  6341 | D:7      | Reached XP level 9. HP: 81/81 MP: 9/9
  6545 | D:7      | Found a staircase to the Ecumenical Temple.
  6554 | Temple   | Entered the Ecumenical Temple
  6807 | D:7      | Found Wudet's Book Boutique.
  7332 | D:8      | Reached skill level 11 in Short Blades
  7457 | D:8      | Found a staircase to the Lair.
  7550 | Lair:1   | Entered Level 1 of the Lair of Beasts
  7562 | Lair:1   | Noticed a komodo dragon
  7562 | Lair:1   | Noticed an oklob plant
  7562 | Lair:1   | Noticed a komodo dragon
  7577 | Lair:1   | Killed a komodo dragon
  7597 | Lair:1   | Killed a komodo dragon
  7597 | Lair:1   | Slain by a yak

Skill      XL: |  1  2  3  4  5  6  7  8  9 |
---------------+----------------------------+-----
Fighting       | 4 5 6 7 9 |  9.1
Short Blades   | 4 5 6 8 10 11 | 11.7
Dodging        | |  2.9

Action                   |  1- 3 |  4- 6 |  7- 9 || total
-------------------------+-------+-------+-------++-------
Melee: Short sword       |    51 |   190 |   168 ||   409
       Tailslap          |     5 |    33 |    70 ||   108
       Rapier            |       |       |   287 ||   287
Invok: Berserk           |     1 |     3 |     2 ||     6
       Burn Spellbooks   |       |       |     2 ||     2
  Use: Scroll            |       |       |    10 ||    10
       Potion            |       |       |     5 ||     5
 Stab: Sleeping          |       |     2 |     1 ||     3
       Distracted        |       |       |     1 ||     1
  Eat: Ration            |       |     3 |     4 ||     7
       Chunk             |       |     2 |     3 ||     5
Armor: Skin              |    15 |    26 |    91 ||   132
Dodge: Dodged            |    26 |   114 |   202 ||   342
